 Dungeon Crawl Stone Soup version 0.28-b1-25-g9875b3fc8c (webtiles) character file.

Game seed: 900269360188053051

1095 unlimited1921 the Chopper (level 8, -1/70 HPs)
             Began as a Minotaur Fighter on Feb 1, 2022.
             Slain by a water moccasin (2 damage)
             ... on level 5 of the Dungeon.
             The game lasted 00:17:03 (4919 turns).

unlimited1921 the Chopper (Minotaur Fighter)        Turns: 4919, Time: 00:17:07

Health: -1/70      AC:  6    Str: 23    XL:     8   Next: 10%
Magic:  7/7        EV: 12    Int:  7    God:
Gold:   145        SH:  5    Dex: 16    Spells: 7/7 levels left

rFire   . . .      SeeInvis .   a - +0 war axe
rCold   + . .      Faith    .   c - +0 buckler
rNeg    . . .      Spirit   .   d - +1 troll leather armour
rPois   .          Reflect  .   (helmet restricted)
rElec   .          Harm     .   (no cloak)
rCorr   .          Rampage  .   (no gloves)
Will    .....                   (no boots)
Stlth   +.........              (no amulet)
HPRegen 1.01/turn               j - +6 ring of dexterity
MPRegen 0.10/turn               i - ring of protection from cold

@: lethally poisoned (-1 -> -4), about to teleport, studying Hexes
A: horns 2, retaliatory headbutt, claws 1, clever 1, passive freeze
a: no special abilities


You were on level 5 of the Dungeon.
You visited 1 branch of the dungeon, and saw 6 of its levels.

You collected 145 gold pieces.

Inventory:

Hand Weapons
 a - a +0 war axe (weapon)
 b - a +0 hand crossbow
 f - a +0 morningstar
 k - a +0 short sword
Missiles
 g - 110 stones (quivered)
 v - 24 sling bullets
Armour
 c - a +0 buckler (worn)
 d - a +1 troll leather armour (worn)
 s - a +3 scale mail
Magical Staves
 q - a staff of conjuration
Jewellery
 i - a ring of protection from cold (right claw)
 j - a +6 ring of dexterity (left claw)
Scrolls
 h - 4 scrolls of vulnerability
 l - 2 scrolls of identify
Potions
 m - a potion of flight
 o - a potion of invisibility


   Skills:
 + Level 5.9 Fighting
 + Level 7.6 Axes
 + Level 0.6 Throwing
 + Level 6.6 Armour
 + Level 2.5 Dodging
 + Level 0.7 Stealth
 + Level 4.7 Shields


You had 7 spell levels left.
You didn't know any spells.
Your spell library contained the following spells:

 Spells                   Type           Power      Damage    Failure   Level
 Magic Dart               Conj           0%         1d3       56%         1
 Slow                     Hex            0%         N/A       56%         1
 Searing Ray              Conj           0%         2d4       71%         2
 Confusing Touch          Hex            0%         N/A       90%         3
 Vampiric Draining        Necr           0%         2d6       90%         3
 Fulminant Prism          Conj/Hex       0%         3d6       100%        4


Dungeon Overview and Level Annotations

Branches:
Dungeon (7/15)
 Temple: D:4-7

Altars:

Annotations:
D:2 1 runed translucent door, Crazy Yiuf
D:5 Ijyb
D:6 Blork the orc, Menkaure


Innate Abilities, Weirdness & Mutations

You have a pair of horns on your head.
You reflexively headbutt those who attack you in melee.
You have sharp fingernails.
Your mind is acute. (Int +2)
A frigid envelope surrounds you and freezes all who hurt you.


Message History

You kill the orc!
The ogre barely misses you. You furiously retaliate!
You headbutt the ogre. You hit the ogre. Your headbutt misses the ogre.
The ogre is lightly wounded.
The ogre closely misses you.
You barely miss the ogre.
The ogre is lightly wounded.
An iguana comes into view.
The ogre hits you with a +0 giant club!!
You are too injured to fight recklessly!
You are too injured to fight recklessly!
You are too injured to fight recklessly!
As you read the scroll labelled MENILOZOOS, it crumbles to dust.
You feel strangely unstable.
It was a scroll of teleportation.
The water moccasin bites you.
It was a potion of mutation.
You feel extremely strange.
You feel clever.
Your fingernails lengthen.
Your skin feels very cold.
The water moccasin barely misses you. The ogre closely misses you.
The water moccasin bites you.
You are poisoned.
The water moccasin poisons you!
The water moccasin is very cold.
The water moccasin is moderately wounded.
As you read the scroll labelled COSKESHR LEOQ, it crumbles to dust.
It is a scroll of enchant armour.
Your +0 troll leather armour glows green for a moment.
You feel very sick. The water moccasin misses you. You furiously retaliate!
You headbutt the water moccasin, but do no damage.
The ogre hits you with a +0 giant club!!
* * * LOW HITPOINT WARNING * * *
The ogre is very cold.
The ogre is moderately wounded.
As you read the scroll labelled OMOTWAEPHO, it crumbles to dust.
It is a scroll of identify.
h - 4 scrolls of vulnerability
* * * LOW HITPOINT WARNING * * *
You feel sick. You block the water moccasin's attack.
Ijyb the Twisted Goblin comes into view.
She is wielding a +0 club and carrying a wand of flame (6).
The ogre barely misses you. The water moccasin bites you.
You die...

##.####### .......
#...g.....# .......
#.#.......## .......
........... .......
..#.......# ..5....
..........# ..$....
..#.....).#####.......
.......l..S@O.........
..##.########...###...
#.### #.# ..# ..## .#
#.


You could see a water moccasin, an ogre, Ijyb (wandering) and an iguana.

Vanquished Creatures
  A troll (D:6)
  Sigmund (D:2)
  An ice beast (D:6)
  An ogre (D:6)
  2 bullfrogs (D:6)
  A howler monkey (D:2)
  2 orc priests
  4 iguanas
  Natasha (thrice) (D:2)
  An orc wizard (D:6)
  4 adders
  3 worms
  2 dart slugs (D:1)
  8 orcs
  4 endoplasms
  2 giant cockroaches
  A goblin (D:1)
  6 hobgoblins
  2 jackals (D:1)
  A quokka (D:3)
  4 ball pythons
  4 bats
  5 frilled lizards
  6 kobolds
  9 rats
78 creatures vanquished.

Notes
Turn   | Place    | Note
-------+----------+-------------------------------------------
     0 | D:1      | unlimited1921 the Minotaur Fighter began the quest for the
                  | Orb.
     0 | D:1      | Reached XP level 1. HP: 19/19 MP: 0/0
   348 | D:1      | Found a faded altar of an unknown god.
   621 | D:1      | Reached XP level 2. HP: 27/27 MP: 1/1
  1031 | D:2      | Reached XP level 3. HP: 33/34 MP: 2/2
  1474 | D:2      | Noticed Natasha
  1480 | D:2      | Killed Natasha
  1481 | D:2      | Reached skill level 3 in Axes
  1481 | D:2      | Reached XP level 4. HP: 41/41 MP: 3/3
  1621 | D:2      | Found a runed translucent door.
  1622 | D:2      | Noticed Crazy Yiuf
  1719 | D:2      | Noticed Natasha
  1729 | D:2      | Killed Natasha
  2219 | D:2      | Reached skill level 4 in Axes
  2219 | D:2      | Reached XP level 5. HP: 47/47 MP: 4/4
  2225 | D:2      | Noticed Sigmund
  2245 | D:2      | Killed Sigmund
  2246 | D:2      | Reached skill level 5 in Fighting
  2246 | D:2      | Reached skill level 5 in Axes
  2246 | D:2      | Reached skill level 5 in Armour
  2246 | D:2      | Reached skill level 1 in Dodging
  2246 | D:2      | Reached XP level 6. HP: 38/56 MP: 5/5
  2963 | D:2      | Noticed Natasha
  3224 | D:2      | Killed Natasha
  3508 | D:3      | You fall into a shaft and drop 3 floors!
  3834 | D:6      | Reached skill level 6 in Axes
  3933 | D:6      | Noticed a troll
  3939 | D:6      | Reached XP level 7. HP: 61/61 MP: 6/6
  4300 | D:6      | Killed a troll
  4301 | D:6      | Reached skill level 7 in Axes
  4650 | D:6      | Reached XP level 8. HP: 70/70 MP: 7/7
  4771 | D:6      | Noticed Blork the orc
  4780 | D:5      | Entered Level 5 of the Dungeon
  4806 | D:5      | Noticed Menkaure
  4917 | D:5      | Gained mutation: Your mind is acute. (Int +2) [potion of
                  | mutation]
  4917 | D:5      | Gained mutation: You have sharp fingernails. [potion of
                  | mutation]
  4917 | D:5      | Gained mutation: A frigid envelope surrounds you and
                  | freezes all who hurt you. [potion of mutation]
  4918 | D:5      | HP: 2/70 [ogre (19)]
  4919 | D:5      | Noticed Ijyb
  4919 | D:5      | Slain by a water moccasin

Illustrated notes

Levels and vault maps discovered:
D:1:      ebering_trefoil_3fold, layout_rooms, hellmonk_ecumenical_altar_zigzags
D:2:      minmay_evil_eye, layout_basic, uniq_crazy_yiuf_cottage, uniq_sigmund,
          uniq_natasha
D:3:      layout_basic, serial_rivers, chequers_serial_rivers_micro_a,
          chequers_serial_rivers_room_b, chequers_serial_rivers_micro_b,
          chequers_serial_rivers_micro_c, chequers_serial_rivers_large_b,
          chequers_mini_garden, chequers_serial_rivers_micro_a
D:5:      black_bear_nest_1, layout_rooms, gammafunk_ghost_icy, uniq_ijyb,
          uniq_menkaure
D:6:      layout_loops_ring, grunt_temple_overflow_open, eino_tiny_chamber,
          minmay_manual_moon, uniq_blork_the_orc
D:7:      layout_gridville, kennysheep_mini, jmf_multi_god_temple2

Skill      XL: |  1  2  3  4  5  6  7 |
---------------+----------------------+-----
Armour         | 4 5 6 |  6.6
Fighting       | 4 5 |  5.9
Axes           | 3 4 5 6 7 |  7.6
Shields        | 4 |  4.7
Dodging        | 1 2 |  2.5
Throwing       | |  0.6
Stealth        | |  0.7

Action                   |  1- 3 |  4- 6 |  7- 9 || total
-------------------------+-------+-------+-------++-------
Melee: War axe           |    67 |   105 |    37 ||   209
       Headbutt          |     9 |    16 |    12 ||    37
Throw: Dart              |       |       |    14 ||    14
       Throwing net      |       |       |     2 ||     2
       Stone             |       |       |     2 ||     2
  Use: Potion            |       |     2 |     5 ||     7
       Scroll            |       |     1 |     3 ||     4
Armor: Scale mail        |    27 |    41 |    12 ||    80
       Troll leather arm |       |       |     4 ||     4
Dodge: Dodged            |    35 |    49 |    30 ||   114
Block: Buckler           |     9 |    21 |    13 ||    43
